 Dungeon Crawl Stone Soup version 0.30-b1-2-g02819fbbbe (webtiles) character file.

Game seed: 9750828598363756537

67 Alarkh the Insei (level 4, 33/33 HPs)
             Began as a Demonspawn Warper on May 25, 2023.
             Got out of the dungeon alive.
             The game lasted 00:02:28 (1971 turns).

Alarkh the Insei (Demonspawn Warper)                Turns: 1971, Time: 00:02:28

Health: 33/33      AC:  8    Str: 11    XL:     4   Next: 0%
Magic:  7/7        EV: 10    Int: 23    God:
Gold:   75         SH:  0    Dex: 12    Spells: 7/7 levels left

rFire   . .          .
                       - Unarmed
rCold   . . .        (no shield)
rNeg    . . .        j - +2 ring mail {Will+}
rPois   .            (no helmet)
rElec   .            (no cloak)
rCorr   .            (no gloves)
SInv    .            g - +0 pair of boots
Will    +....        (no amulet)
Stlth   +            m - +6 ring of intelligence
HPRegen 0.25/turn    (no ring)
MPRegen 0.10/turn

%: no passive effects
@: no status effects
A: sanguine armour 1, demonic magic 1
a: no special abilities


You escaped.
You visited 1 branch of the dungeon, and saw 3 of its levels.

You collected 75 gold pieces.

Inventory:

Hand Weapons
 b - a +0 sling
Missiles
 c - 7 boomerangs of dispersal (quivered)
Armour
 g - a +0 pair of boots (worn)
 j - a +2 ring mail of willpower (worn)
Jewellery
 m - a +6 ring of intelligence (left hand)
Scrolls
 d - a scroll of brand weapon {unknown}
 e - a scroll of poison {unknown}
 f - 2 scrolls of teleportation {unknown}
 h - a scroll of fog {unknown}
 k - a scroll of blinking
 n - a scroll of amnesia {unknown}
 o - 2 scrolls of enchant armour {unknown}
 r - a scroll of identify
Potions
 a - a potion of magic
 i - a potion of haste
 l - a potion of attraction


   Skills:
 - Level 2.0 Fighting
 - Level 0.8 Throwing
 - Level 0.8 Armour
 - Level 1.7 Dodging
 + Level 3.9 Unarmed Combat
 - Level 2.0 Spellcasting
 - Level 2.6 Translocations


You had 7 spell levels left.
You didn't know any spells.
Your spell library contained the following spells:

 Spells                   Type           Power      Damage    Failure   Level
 Blink                    Tloc           28%        N/A       16%         2
 Lesser Beckoning         Tloc           28%        N/A       16%         2
 Shock                    Conj/Air       8%         1d3       30%         1
 Gell's Gravitas          Tloc           14%        N/A       30%         3
 Teleport Other           Tloc           14%        N/A       30%         3
 Ensorcelled Hibernation  Hex/Ice        4%         N/A       43%         2
 Vhi's Electric Charge    Tloc/Air       16%        N/A       47%         3
 Spider Form              Tmut/Pois      2%         N/A       67%         3
 Swiftness                Air            2%         N/A       67%         3
 Manifold Assault         Tloc           14%        N/A       71%         4
 Airstrike                Air            1%         2d(1-17)  97%         4
 Anguish                  Hex/Necr       1%         N/A       97%         4
 Dispersal                Tloc           7%         N/A       100%        6


Dungeon Overview and Level Annotations

Branches:
Dungeon (3/15)

Altars:


Innate Abilities, Weirdness & Mutations

When seriously injured, your blood forms armour. (AC +0)
Spells you cast may paralyse adjacent enemies.


Message History

You kill the hobgoblin!
No target in view!
No target in view!
No target in view!
No target in view!
No target in view!
No target in view!
No target in view!
No target in view!
No target in view!
No target in view!
o - 2 scrolls labelled AKHUNO TOSIO (gained 1)
You see here a hobgoblin corpse.
You see here a bat corpse.
f - 2 scrolls labelled IDOPHI WEUGHEL (gained 1)
A frilled lizard comes into view.
A frilled lizard is nearby!
A frilled lizard is nearby!
The frilled lizard bites you.
You hit the frilled lizard.
You kill the frilled lizard!
You have reached level 4!
You feel clever.
Your demonic ancestry asserts itself...
You feel your blood ready itself to protect you.
Things that are here:
7 stones; a hobgoblin corpse You see here a hobgoblin corpse.
You see here an adder corpse.
You see here a rat corpse.
There is a stone staircase leading up here.
You climb upwards.
There is a stone staircase leading down here.
You see here a jackal skeleton.
You see here a +0 club.
There is a stone staircase leading up here.
You climb upwards.
There is a stone staircase leading down here.
There is a staircase leading out of the dungeon here.
Are you sure you want to leave the Dungeon?
This will make you lose the game!
You have escaped!

#.##.## #.#
#.##..################.#
#.###.##...............#
#.# #.##.###############
#.# #.##.# # #.# #.##.##
# #.# #.##..######## #
#.# #.##.........# # #.#
#.###@######.# # #.# #.#
### #.# ########.###.#
#.# .............# #.#
.#######.##### #.#
.........# #.#
.######### #.# .# #.# .#
#.#


There were no monsters in sight!

Vanquished Creatures
  An adder (D:3)
  2 worms (D:3)
  3 dart slugs
  3 endoplasms
  A giant cockroach (D:1)
  4 goblins
  4 hobgoblins
  3 jackals (D:2)
  4 kobolds (D:1)
  3 quokkas (D:1)
  3 ball pythons
  6 bats
  6 frilled lizards
  3 rats
46 creatures vanquished.

Notes
Turn   | Place    | Note
-------+----------+-------------------------------------------
     0 | D:1      | Alarkh the Demonspawn Warper began the quest for the Orb.
     0 | D:1      | Reached XP level 1. HP: 16/16 MP: 3/3
    84 | D:1      | Reached skill level 2 in Unarmed Combat
   241 | D:1      | Gained mutation: Spells you cast may paralyse adjacent
                  | enemies. [demonic ancestry]
   241 | D:1      | Reached XP level 2. HP: 21/22 MP: 5/5
   569 | D:1      | Reached skill level 3 in Unarmed Combat
   868 | D:2      | Reached XP level 3. HP: 27/27 MP: 6/6
   902 | D:2      | Identified the +3 mace "Nabbionn" {venom, Stlth+}
  1857 | D:3      | Gained mutation: When seriously injured, your blood forms
                  | armour. (AC +0) [demonic ancestry]
  1857 | D:3      | Reached XP level 4. HP: 30/33 MP: 7/7
  1971 | D:$      | Got out of the dungeon alive.

Illustrated notes

Levels and vault maps discovered:
D:1:      saegor_arrival_simple_a, layout_loops_ring
D:2:      layout_rooms
D:3:      layout_loops_corners, lemuel_coloured_pillars_altar,
          kennysheep_generic_room_13

Skill      XL: |  1  2 |
---------------+-------+-----
Unarmed Combat | 2 3 |  3.9
Fighting       | |  2.0
Throwing       | |  0.8
Armour         | |  0.8
Dodging        | |  1.7
Spellcasting   | |  2.0
Translocations | |  2.6

Action                     |  1- 3 |  4- 6 || total
---------------------------+-------+-------++-------
  Melee: Unarmed           |   166 |       ||   166
         Punch             |     2 |       ||     2
   Fire: Sling             |    24 |       ||    24
    Use: Scroll            |     2 |       ||     2
         Potion            |     1 |       ||     1
 Armour: Leather armour    |    29 |       ||    29
         Ring mail         |    29 |       ||    29
  Dodge: Dodged            |    97 |       ||    97
